 Dungeon Crawl Stone Soup version 0.23.0 (console) character file.

Game seed: 11856609064686364840

375 Garrluk the Cleaver (level 6, -1/55 HPs)
             Began as a Deep Dwarf Berserker on Feb 16, 2019.
             Was a Believer of Trog.
             Slain by an ogre
             ... wielding a +0 giant club
              (26 damage)
             ... on level 4 of the Dungeon.
             The game lasted 00:05:46 (1070 turns).

Garrluk the Cleaver (Deep Dwarf Berserker)          Turns: 1070, Time: 00:05:47

Health: -1/55      AC:  9    Str: 23    XL:     6   Next: 44%
Magic:  6/6        EV:  8    Int:  7    God:    Trog [**....]
Gold:   105        SH:  0    Dex: 12    Spells: 5/5 levels left

rFire    . . .     SeeInvis .   a - +0 hand axe
rCold    . . .     Gourm    +   (no shield)
rNeg     . . .     Faith    .   k - +0 chain mail
rPois    .         Spirit   .   (no helmet)
rElec    .         Reflect  .   l - +0 cloak
rCorr    .         Harm     .   (no gloves)
MR       .....                  (no boots)
Stlth    ..........             d - amulet of the gourmand
HPRegen  0.00/turn              (no ring)
MPRegen  0.10/turn              (no ring)

@: berserk cooldown, non-regenerating
A: damage resistance, heal wounds, sense surroundings 1, no regeneration
a: Heal Wounds, Berserk, Trog's Hand, Renounce Religion


You were on level 4 of the Dungeon.
You worshipped Trog.
Trog was pleased with you.
You were very full.

You visited 1 branch of the dungeon, and saw 4 of its levels.

You collected 105 gold pieces.

Inventory:

Hand Weapons
 a - a +0 hand axe (weapon)
Armour
 k - a +0 chain mail (worn)
 l - a +0 cloak (worn)
 p - a +1 helmet
Jewellery
 d - an amulet of the gourmand (around neck)
Wands
 q - a wand of polymorph (11)
Scrolls
 b - a scroll of fog {unknown}
 e - a scroll of remove curse {unknown}
 f - a scroll of teleportation {unknown}
 h - 2 scrolls of identify {unknown}
 i - 2 scrolls of magic mapping {unknown}
 m - 2 scrolls of enchant armour {unknown}
Potions
 g - 2 potions of ambrosia {unknown}
 j - 2 potions of lignification {unknown}
 n - 2 potions of flight {unknown}
Comestibles
 c - 7 rations
 o - 4 chunks of flesh


   Skills:
 - Level 2.6 Fighting
 * Level 8.1 Axes
 - Level 2.1 Armour
 - Level 2.1 Dodging


You had 5 spell levels left.
You didn't know any spells.
Your spell library was empty.

Dungeon Overview and Level Annotations

Branches:
Dungeon (4/15)
 Temple: D:4-7

Altars:


Innate Abilities, Weirdness & Mutations

You are resistant to damage.
You can heal yourself by infusing magical energy.
You passively map a small area around you.
You do not regenerate.


Message History

You are no longer berserk.
You are exhausted.
You feel yourself slow down.
An ogre comes into view. It is wielding a +0 giant club.
The ogre shouts!
You hear a bark!
A hound comes into view.
The hound moves out of view.
You feel much better.
You hit the ogre.
The ogre is moderately wounded.
The ogre hits you with a +0 giant club!
You hit the ogre but do no damage.
The ogre is moderately wounded.
The ogre barely misses you.
You hit the ogre.
The ogre is moderately wounded.
You feel yourself speed up. The ogre hits you with a +0 giant club!
The ogre hits you with a +0 giant club!!
You die...

#....>.....#....#
..#
#.............###
.#
#.........##.## ,
# #.........##.#
, * *
#.........##.# *
#............#
#..........###
#..........#
##.......###
##.....## *
#####@# #O# , #h#
*, #.# , ..# , *
.## * *, .. **
.., * ... , , ,


You could see an ogre and a hound.

Vanquished Creatures
  A phantom (D:4)
  A jelly (D:2)
  A hound (D:3)
  2 orc wizards (D:3)
  Crazy Yiuf (D:2)
  A worker ant (D:4)
  Robin (D:3)
  4 gnolls (D:3)
  An adder (D:3)
  A worm (D:3)
  A leopard gecko (D:3)
  6 orcs
  A ball python (D:3)
  11 goblins
  7 hobgoblins
  4 jackals (D:3)
  A quokka (D:2)
  2 bats
  2 frilled lizards
  3 kobolds
  2 rats (D:3)
54 creatures vanquished.

Notes
Turn   | Place    | Note
-------+----------+-------------------------------------------
     0 | D:1      | Garrluk the Deep Dwarf Berserker began the quest for the
                  | Orb.
     0 | D:1      | Reached XP level 1. HP: 20/20 MP: 1/1
   290 | D:2      | Found a runed translucent door.
   291 | D:2      | Noticed Crazy Yiuf
   301 | D:2      | Killed Crazy Yiuf
   301 | D:2      | Reached skill level 4 in Axes
   301 | D:2      | Reached XP level 2. HP: 22/27 MP: 2/2
   301 | D:2      | Reached XP level 3. HP: 26/33 MP: 3/3
   421 | D:2      | Reached skill level 5 in Axes
   517 | D:3      | Reached XP level 4. HP: 20/40 MP: 4/4
   707 | D:3      | Reached skill level 6 in Axes
   770 | D:4      | Reached XP level 5. HP: 28/46 MP: 5/5
   782 | D:3      | Reached ** piety under Trog
   828 | D:3      | Noticed Robin
   848 | D:3      | Reached skill level 7 in Axes
   899 | D:3      | Killed Robin
   899 | D:3      | Reached XP level 6. HP: 36/55 MP: 6/6
  1051 | D:4      | Reached skill level 8 in Axes
  1070 | D:4      | Slain by an ogre

Skill      XL: |  1  2  3  4  5  6 |
---------------+-------------------+-----
Axes           | 4 5 6 7 8 |  8.1
Fighting       | |  2.6
Armour         | |  2.1
Dodging        | |  2.1

Action                   |  1- 3 |  4- 6 || total
-------------------------+-------+-------++-------
Melee: Hand axe          |    34 |   154 ||   188
Invok: Berserk           |     2 |     4 ||     6
       Trog's Hand       |       |     2 ||     2
 Abil: Heal Wounds       |       |     1 ||     1
  Eat: Chunk             |     3 |    12 ||    15
Armor: Chain mail        |    10 |    69 ||    79
       Animal skin       |     1 |       ||     1
Dodge: Dodged            |    10 |    45 ||    55
